 Dungeon Crawl Stone Soup version 0.22.1-1-ga44c0e56f4 (webtiles) character file.

5261 Jynx the Transmogrifier (level 10, -17/84 (85) HPs)
             Began as an Octopode Transmuter on Nov 6, 2018.
             Was a Follower of Ashenzari.
             Killed from afar by Erica (20 damage)
             ... with an orb of energy
             ... on level 9 of the Dungeon.
             The game lasted 00:23:40 (11620 turns).

Jynx the Transmogrifier (Octopode Transmuter)      Turns: 11620, Time: 00:23:41

HP:   -17/84 (85)   AC:  6    Str: 10    XL:     10   Next: 62%
MP:   16/17         EV: 12    Int: 16    God:    Ashenzari [*.....]
Gold: 582           SH:  2    Dex: 15    Spells: 3/18 levels left

rFire    . . .     SeeInvis .     - Unarmed
rCold    + + +     Gourm    .   (shield currently unavailable)
rNeg     . . .     Faith    .   (helmet currently unavailable)
rPois    +         Spirit   .   x - +2 amulet of reflection (curse)
rElec    .         Reflect  +   o - ring of protection from fire (curse)
rCorr    .         Harm     .   (no ring)
MR       .....                  (no ring)
Stlth    +.........             (no ring)
HPRegen  0.24/turn              (no ring)
MPRegen  0.15/turn              (no ring)
                                (no ring)
                                (no ring)

@: ice-form, slowed, very slow
A: large, almost no armour, stealthy swim, amphibious, 8 rings, (constrict 8)
a: End Transformation, Curse Item, Scrying, Renounce Religion


You were on level 9 of the Dungeon.
You worshipped Ashenzari.
Ashenzari was aware of your devotion.
You were not hungry.
You were a creature of crystalline ice.
You visited 1 branch of the dungeon, and saw 10 of its levels.

You collected 582 gold pieces.

Inventory:

Missiles
 a - 137 arrows
Armour
 w - a +2 shield
Jewellery
 o - a cursed ring of protection from fire (left front paw)
 x - a cursed +2 amulet of reflection (around neck)
Wands
 l - a wand of polymorph (11)
 r - a wand of paralysis (34)
 u - a wand of flame (46)
Scrolls
 d - 11 scrolls of teleportation
 h - 3 scrolls of identify
 i - 5 scrolls of remove curse
 j - 3 scrolls of blinking
 k - a scroll of fog {unknown}
 m - 3 scrolls of immolation
 n - 2 scrolls of magic mapping {unknown}
 p - a scroll of enchant armour {unknown}
 q - 4 scrolls of enchant weapon
 s - a scroll of amnesia {unknown}
Potions
 b - a potion of lignification
 e - 2 potions of ambrosia {unknown}
 f - a potion of might
 g - 2 potions of agility
 v - a potion of haste {unknown}
 z - a potion of curing
Comestibles
 c - 16 rations
 t - 6 chunks of flesh


   Skills:
 + Level 7.2 Fighting
 + Level 4.0 Dodging
 * Level 7.9 Unarmed Combat
 - Level 4.9 Spellcasting
 - Level 8.3 Transmutations
 - Level 5.3 Ice Magic


You had 3 spell levels left.
You knew the following spells:

 Your Spells              Type           Power        Failure   Level  Hunger
a - Beastly Appendage     Tmut           ####..       1%          1    None
b - Sticks to Snakes      Tmut           ####....     1%          2    ##.....
c - Spider Form           Tmut/Pois      ###.......   9%          3    ###....
d - Ice Form              Ice/Tmut       ####....     9%          4    ####...
e - Blade Hands           Tmut           ####......   14%         5    ######.

Your spell library contained the following spells:

 Spells                   Type           Power        Failure   Level  Hunger
 Magic Dart               Conj           #...         16%         1    None
 Summon Small Mammal      Summ           #...         16%         1    None
 Call Imp                 Summ           #.......     24%         2    ##.....
 Searing Ray              Conj           #.....       24%         2    ##.....
 Call Canine Familiar     Summ           #.......     43%         3    ###....
 Dazzling Spray           Conj/Hex       #.....       43%         3    ###....
 Summon Guardian Golem    Hex/Summ       #.......     43%         3    ###....
 Summon Ice Beast         Ice/Summ       ##......     45%         4    ####...
 Force Lance              Conj/Tloc      #.......     83%         4    ####...
 Fulminant Prism          Conj/Hex       #.........   83%         4    ####...
 Iskenderun's Mystic Bla  Conj           #.......     83%         4    ####...
 Summon Lightning Spire   Summ/Air       #.......     83%         4    ####...


Dungeon Overview and Level Annotations

Branches:
Dungeon (10/15)            Temple (0/1) D:6            Lair (0/6) D:9
    Orc: D:9-12

Altars:
Ashenzari
Cheibriados
Dithmenos
Elyvilon
Fedhas
Makhleb
Qazlal
Sif Muna
Vehumet
Xom
Yredelemnul
The Shining One

Shops:
D:6 *

Annotations:
D:3 1 runed door
D:9 Erica


Innate Abilities, Weirdness & Mutations

You cannot wear most types of armour.
You are very stealthy in the water. (Stealth+)
You are amphibious.
You can wear up to eight rings at the same time.
((You can use your tentacles to constrict eight enemies at once.))
((Your skin changes colour to match your surroundings (Stealth+).))
((Your rubbery body absorbs attacks. (AC +1, EV +1)))


Message History

You closely miss something. Something hits you. Something melts you.
Something hits you but does no damage.
You barely miss something. Something hits you. Something melts you.
You hit something but do no damage. Something barely misses you.
You closely miss something. Something hits you. Something melts you.
* * * LOW HITPOINT WARNING * * *
You punch something! You freeze something. Something hits you!
* * * LOW HITPOINT WARNING * * *
Something melts you.
* * * LOW HITPOINT WARNING * * *
You barely miss something. Something hits you!
* * * LOW HITPOINT WARNING * * *
Something melts you.
* * * LOW HITPOINT WARNING * * *
Okay, then.
Unknown command.
You hear some strange, mumbled words.
An orb of energy appears from out of thin air!
The orb of energy hits you!
You die...

########..... ##########
#............ #........#
#.....######. #........#
#.....#....#.
###........###.....#....#.
#..................#....#.
#..................#....#.
#..........).......#....'.
#........Y{........#....#.
#........########..######.
#........# #.........
#####....# #.........
#.>..# #......... #....#
#.........
#....########.........
#.....................
#.....................


There were no monsters in sight!

Vanquished Creatures
  Pikel (D:7)
  Prince Ribbit (D:7)
  2 hippogriffs
  Sigmund (D:2)
  A wyvern (D:9)
  2 hungry ghosts (D:8)
  Menkaure (D:7)
  3 wargs (D:9)
  2 orc warriors
  2 necrophages
  A black bear (D:9)
  6 ogres
  A sky beast (D:6)
  A centaur (D:9)
  4 bullfrogs
  A gnoll sergeant (D:7)
  A wyvern zombie (D:10)
  5 scorpions
  3 killer bees (D:8)
  A howler monkey (D:4)
  2 crimson imps (D:9)
  2 centaur zombies
  7 hounds
  A jelly (D:8)
  3 orc priests
  3 bullfrog skeletons
  6 iguanas
  5 orc wizards (D:9)
  7 worker ants
  8 gnolls
  14 adders
  A howler monkey skeleton (D:4)
  2 shadow imps
  An adder skeleton (D:8)
  A worm (D:2)
  2 dart slugs (D:1)
  3 leopard geckos
  27 orcs
  A ball python (D:1)
  4 giant cockroaches
  6 goblins
  7 hobgoblins
  4 jackals (D:2)
  3 kobolds
  5 quokkas
  12 bats
  7 frilled lizards
  6 rats
  A butterfly (D:6)
191 creatures vanquished.

Vanquished Creatures (others)
  A spriggan (D:7)
  9 fungi (D:9)
10 creatures vanquished.

Grand Total: 201 creatures vanquished

Notes
Turn   | Place    | Note
-------+----------+-------------------------------------------
     0 | D:1      | Jynx the Octopode Transmuter began the quest for the Orb.
     0 | D:1      | Reached XP level 1. HP: 13/13 MP: 3/3
     0 | D:1      | Noticed a minotaur skeleton
    10 | D:1      | Noticed a gargoyle
    16 | D:1      | Noticed a merfolk zombie
    18 | D:1      | Noticed a centaur
   115 | D:1      | Reached XP level 2. HP: 18/18 MP: 3/5
   571 | D:1      | Reached XP level 3. HP: 1/23 MP: 6/6
   872 | D:1      | Reached skill level 3 in Transmutations
  1197 | D:2      | Learned a level 2 spell: Sticks to Snakes
  1201 | D:2      | Learned a level 3 spell: Spider Form
  1236 | D:2      | Reached XP level 4. HP: 29/29 MP: 3/7
  1287 | D:2      | Found a deep blue altar of Sif Muna.
  1415 | D:2      | Noticed Sigmund
  1424 | D:2      | Killed Sigmund
  1424 | D:2      | Reached skill level 4 in Transmutations
  1424 | D:2      | Reached XP level 5. HP: 18/35 MP: 4/9
  2073 | D:2      | Reached XP level 6. HP: 34/41 MP: 8/10
  2220 | D:2      | Learned a level 4 spell: Ice Form
  2436 | D:3      | Found a glowing golden altar of the Shining One.
  2445 | D:3      | Found a shadowy altar of Dithmenos.
  2448 | D:3      | Found a blossoming altar of Fedhas.
  2449 | D:3      | Found a stormy altar of Qazlal.
  2737 | D:3      | Found a stormy altar of Qazlal.
  2739 | D:3      | Noticed a water elemental
  2758 | D:3      | Noticed a fire elemental
  2758 | D:3      | Noticed an air elemental
  2973 | D:3      | Found a runed door.
  3428 | D:4      | Reached skill level 1 in Ice Magic
  3682 | D:4      | Reached skill level 5 in Transmutations
  3737 | D:4      | Reached XP level 7. HP: 36/46 MP: 10/12
  3983 | D:4      | Found a shattered altar of Ashenzari.
  4034 | D:4      | Became a worshipper of Ashenzari the Shackled
  4313 | D:4      | Found a snail-covered altar of Cheibriados.
  4380 | D:4      | Found a burning altar of Makhleb.
  4621 | D:5      | Entered Level 5 of the Dungeon
  4760 | D:5      | Found a snail-covered altar of Cheibriados.
  4844 | D:5      | Reached skill level 6 in Transmutations
  5204 | D:6      | Found a staircase to the Ecumenical Temple.
  5247 | D:6      | Reached XP level 8. HP: 21/54 MP: 7/14
  5475 | D:6      | Reached * piety under Ashenzari
  5541 | D:6      | Found a radiant altar of Vehumet.
  6471 | D:6      | Found a white marble altar of Elyvilon.
  6503 | D:6      | Found Akyo's General Store.
  6775 | D:6      | Found a basalt altar of Yredelemnul.
  6867 | D:7      | Reached skill level 7 in Transmutations
  7035 | D:7      | Noticed Prince Ribbit
  7048 | D:7      | Killed Prince Ribbit
  7048 | D:7      | Reached skill level 5 in Fighting
  7263 | D:7      | Noticed Pikel
  7272 | D:7      | Learned a level 5 spell: Blade Hands
  7301 | D:7      | Killed Pikel
  7301 | D:7      | Reached XP level 9. HP: 58/61 MP: 13/16
  7380 | D:7      | Noticed Menkaure
  7394 | D:7      | Killed Menkaure
  8055 | D:8      | Found a shadowy altar of Dithmenos.
  8178 | D:8      | Reached skill level 8 in Transmutations
  8182 | D:8      | Reached skill level 5 in Unarmed Combat
  8840 | D:8      | Reached skill level 5 in Ice Magic
  9296 | D:8      | Reached XP level 10. HP: 29/68 MP: 10/17
  9921 | D:9      | Found a shimmering altar of Xom.
  9958 | D:9      | Found a staircase to the Lair.
 11312 | D:10     | Entered Level 10 of the Dungeon
 11603 | D:9      | Noticed Erica
 11618 | D:9      | HP: 4/84 [something (10)]
 11620 | D:9      | Killed from afar by Erica

Skill      XL: |  1  2  3  4  5  6  7  8  9 10 |
---------------+-------------------------------+-----
Transmutations | 3 4 5 6 7 8 |  8.3
Fighting       | 2 3 4 5 6 7 |  7.2
Spellcasting   | 3 4 |  4.9
Ice Magic      | 1 2 4 5 |  5.3
Unarmed Combat | 4 6 7 |  7.9
Dodging        | 4 |  4.0

Action                   |  1- 3 |  4- 6 |  7- 9 | 10-12 || total
-------------------------+-------+-------+-------+-------++-------
Melee: Unarmed           |    70 |    74 |   341 |   148 ||   633
       Constrict         |    22 |    16 |    16 |     7 ||    61
       Tentacles         |    10 |     4 |    13 |     6 ||    33
       Kick              |    11 |    13 |    21 |    10 ||    55
       Punch             |       |     2 |     1 |     3 ||     6
 Cast: Beastly Appendage |    15 |    15 |    18 |     5 ||    53
       Spider Form       |     1 |     3 |     1 |     1 ||     6
       Ice Form          |       |       |    27 |    13 ||    40
       Sticks to Snakes  |       |       |       |     2 ||     2
Invok: Curse Item        |       |       |     1 |     1 ||     2
       Scrying           |       |       |     1 |       ||     1
  Use: Scroll            |     1 |     3 |     6 |       ||    10
       Potion            |     1 |       |     2 |     4 ||     7
 Stab: Sleeping          |     1 |     4 |     1 |       ||     6
  Eat: Chunk             |     1 |     8 |    22 |     7 ||    38
       Ration            |       |       |     2 |     1 ||     3
Armor: Skin              |     8 |     3 |    51 |    50 ||   112
Dodge: Dodged            |    49 |    46 |   173 |    73 ||   341
Block: Other             |       |       |     3 |     6 ||     9
       Reflection        |       |       |       |     1 ||     1
